 Dungeon Crawl Stone Soup version 0.18.1-8-gdd0e5ea (webtiles) character file.

198 Implojin the Insei (level 5, -3/41 HPs)
             Began as a Mummy Monk on May 22, 2016.
             Killed from afar by Natasha (8 damage)
             ... with a magic dart
             ... on level 3 of the Dungeon.
             The game lasted 00:07:06 (4883 turns).

Implojin the Insei (Mummy Monk)                     Turns: 4883, Time: 00:07:07

Health: -3/41      AC:  1    Str: 15    XL:     5   Next: 47%
Magic:  5/5        EV: 13    Int:  9    God:
Gold:   120        SH:  0    Dex: 15    Spells: 0 memorised, 4 levels left

rFire  x . .     SeeInvis .       - Unarmed
rCold  + . .     Gourm    .     (no armour)
rNeg   + + +     Faith    .     (no shield)
rPois  ∞         Spirit   .     b - +0 helmet
rElec  .         Dismiss  .     (no cloak)
rCorr  .         Reflect  .     (no gloves)
SustAt .         Harm     .     (no boots)
MR     .....                    (no amulet)
Stlth  ++........               (no ring)
                                (no ring)

@: not resistant to hostile enchantments, unstealthy
A: no food or potions, fire vulnerability, cold resistance 1, negative energy
resistance 3, torment resistance, unbreathing
a: no special abilities


You were on level 3 of the Dungeon.
You were not hungry.

You visited 1 branch of the dungeon, and saw 3 of its levels.

You collected 120 gold pieces.

Inventory:

Armour
 b - a +0 helmet (worn)
Scrolls
 c - a scroll of noise
 d - 2 scrolls of identify
Comestibles
 a - a bread ration


   Skills:
 - Level 3.0 Fighting
 - Level 2.4 Dodging
 - Level 1.5 Stealth
 * Level 5.6 Unarmed Combat


You had 4 spell levels left.
You didn't know any spells.

Dungeon Overview and Level Annotations

Branches:
Dungeon (3/15)

Altars:
Elyvilon
Kikubaaqudgha

Annotations:
D:3 Natasha


Innate Abilities, Weirdness & Mutations

You do not eat or drink.
Your flesh is vulnerable to fire.
You are immune to poison.
Your flesh is cold resistant.
You are immune to negative energy.
You are immune to unholy pain and torment.
You can survive without breathing.


Message History

You barely miss the giant newt. The giant newt closely misses you.
You hit the giant newt.
You kill the giant newt!
Natasha extends her claws.
Natasha mumbles some strange words.
Natasha barely misses you.
You closely miss Natasha. Your punch misses Natasha.
Natasha casts a spell at you. The magic dart hits you!
You barely miss Natasha. Natasha closely misses you.
You hit Natasha.
Natasha is moderately wounded.
Natasha claws you! The iron imp misses you.
You hit Natasha.
Natasha is moderately wounded.
You hit Natasha.
Natasha is severely wounded.
Natasha drinks a potion.
Natasha is healed!
The iron imp hits you.
* * * LOW HITPOINT WARNING * * *
You closely miss Natasha.
Natasha is lightly wounded.
Natasha barely misses you. The iron imp barely misses you.
You closely miss Natasha.
Natasha is lightly wounded.
Natasha closely misses you.
You hit Natasha.
Natasha is lightly wounded.
The iron imp misses you. Natasha barely misses you.
You hit Natasha but do no damage.
Natasha is lightly wounded.
Natasha casts a spell at you. The magic dart hits you!
* * * LOW HITPOINT WARNING * * *
The iron imp hits you!
* * * LOW HITPOINT WARNING * * *
Read which item? (? for menu, Esc to quit)
Okay, then.
Natasha stares at you and mumbles some strange words.
The magic dart hits you!
You die...

#_..._##....##....#
#≈#'#≈##....###.#.. ###.
#.###.....# #..#. ##...
#.........# ##... ###....
#.........# ##.. .......
#.........# #.# #.....
#5h......)# #.# #.....
##.........#####.#
###....##@........(.......
...................#####.#
###....####.......## #.>
#.... ##.....## ### #####
#######


You could see an iron imp and Natasha.

Vanquished Creatures
  Ijyb (D:1)
  Jessica (D:2)
  Natasha (D:3)
  3 adders (D:2)
  An ooze (D:1)
  2 worms
  4 orcs
  A giant cockroach (D:2)
  7 goblins
  13 hobgoblins
  9 jackals
  A ball python (D:2)
  5 bats
  4 giant newts
  14 kobolds
  11 rats
78 creatures vanquished.

Notes
Turn   | Place    | Note
--------------------------------------------------------------
     0 | D:1      | Implojin the Mummy Monk began the quest for the Orb.
     0 | D:1      | Reached XP level 1. HP: 18/18 MP: 1/1
   514 | D:1      | Reached XP level 2. HP: 24/24 MP: 2/2
  1096 | D:1      | Reached skill level 4 in Unarmed Combat
  1775 | D:2      | Reached XP level 3. HP: 18/29 MP: 3/3
  2099 | D:2      | Noticed Ijyb
  2100 | D:2      | Noticed Jessica
  2110 | D:2      | Paralysed by Ijyb for 3 turns
  2118 | D:2      | Paralysed by Ijyb for 7 turns
  2137 | D:2      | Paralysed by Ijyb for 3 turns
  2168 | D:2      | Paralysed by Ijyb for 2 turns
  2171 | D:2      | Paralysed by Ijyb for 7 turns
  2393 | D:1      | Killed Ijyb
  2492 | D:2      | Killed Jessica
  2492 | D:2      | Reached XP level 4. HP: 35/35 MP: 4/4
  3054 | D:2      | Reached skill level 5 in Unarmed Combat
  3786 | D:2      | Reached XP level 5. HP: 32/41 MP: 5/5
  4570 | D:3      | Noticed Natasha
  4580 | D:3      | Killed Natasha
  4855 | D:3      | Found an ancient bone altar of Kikubaaqudgha.
  4855 | D:3      | Found a white marble altar of Elyvilon.
  4869 | D:3      | Noticed Natasha
  4883 | D:3      | Killed from afar by Natasha

Skill      XL: |  1  2  3  4 |
---------------+-------------+-----
Unarmed Combat | 4 5 |  5.6
Fighting       | |  3.0
Dodging        | |  2.4
Stealth        | |  1.5

Action                   |  1- 3 |  4- 6 || total
-------------------------+-------+-------++-------
Melee: Unarmed           |   148 |   209 ||   357
       Punch             |     5 |     6 ||    11
  Use: Scroll            |     1 |       ||     1
 Stab: Sleeping          |     2 |     4 ||     6
Armor: Skin              |    12 |     7 ||    19
Dodge: Dodged            |    84 |   113 ||   197

Table legend:
 A = Turns spent in this place as a percentage of turns spent in the entire game.
 B = Non-inter-level travel turns spent in this place as a percentage of non-inter-level travel turns spent in the entire game.
 C = Inter-level travel turns spent in this place as a percentage of turns spent in this place.
 D = Turns resting spent in this place as a percentage of non-inter-level travel turns spent in this place.
 E = Turns spent auto-exploring this place as a percentage of non-inter-level travel turns spent in this place.
 F = Non-inter-level travel turns spent in this place divided by the number of levels of this place that you've seen.
                   A       B       C       D       E      F
               +-------+-------+-------+-------+-------+----------------------
         Total | 100.0 | 100.0 |   0.2 |   6.0 |   5.4 | 402.7
       Dungeon | 100.0 | 100.0 |   0.2 |   6.0 |   5.4 | 402.7
               +-------+-------+-------+-------+-------+----------------------

Table legend:
 A = Kills in this place as a percentage of kills in entire the game.
 B = Kills by you in this place as a percentage of kills by you in the entire game.
 C = Kills by friends in this place as a percentage of kills by friends in the entire game.
 D = Other kills in this place as a percentage of other kills in the entire game.
 E = Experience gained in this place as a percentage of experience gained in the entire game.
 F = Experience gained in this place divided by the number of levels of this place that you have seen.
                   A       B       C       D       E      F
               +-------+-------+-------+-------+-------+----------------------
         Total | 100.0 | 100.0 |  -nan |  -nan | 100.0 |  94.3
       Dungeon | 100.0 | 100.0 |  -nan |  -nan | 100.0 |  94.3
               +-------+-------+-------+-------+-------+----------------------
